General information
- name: BNet
- type: Ladder team game (AT/RT)
- host: Battle.net
- saver: crunchy
map: Deadlands
- players: 8
- length: 33:42
- speed: Fast
- version: 1.28 W3XP
- replay type: Public
» download(272 KB)
Players
team 1 (winner)
herballegend (
teal | 44 APM | 998 actions | 22:34)
6 Warden
3 Shadow Strike
2 Blink
1 Spirit of Vengeance
1 Pandaren Brewmaster
1 Drunken Haze
» actions
| Assign group hotkey | 22 | |
| Basic commands | 2 | |
| Build / train | 82 | |
| Enter build submenu | 23 | |
| Enter hero's abilities submenu | 7 | |
| Give item / drop item | 2 | |
| Right click | 262 | |
| Select / deselect | 199 | |
| Select group hotkey | 347 | |
| Use ability | 52 | |
998 total
» units
| Wisp | 25 | |
| Huntress | 6 | |
| Hippogryph | 10 | |
| Draenei Darkslayer | 1 | |
| Voidwalker | 1 | |
| Draenei Disciple | 1 | |
| Fel Beast | 1 | |
| Chimaera | 5 | |
| Flying Machine | 11 | |
| Siege Engine | 1 | |
62 total
» upgrades
| Corrosive Breath | 1 | |
| Strength of the Wild | 2 | |
| Flak Cannons | 1 | |
| Flying Machine Bombs | 1 | |
| Barrage | 1 | |
6 total
» buildings
| Altar of Elders | 1 | |
| Moon Well | 6 | |
| Hunter's Hall | 1 | |
| Ancient of War | 1 | |
| Ancient of Wonders | 1 | |
| Tree of Ages | 1 | |
| Tree of Life | 2 | |
| Tree of Eternity | 2 | |
| Ancient of Wind | 2 | |
| Chimaera Roost | 2 | |
| Workshop | 2 | |
| Farm | 2 | |
| Lumber Mill | 1 | |
24 total
» build order
00:09 Altar of Elders
00:14 Moon Well
01:23 Hunter's Hall
01:39 Moon Well
01:57 Ancient of War
02:35 Ancient of Wonders
02:48 Moon Well
03:46 Tree of Ages
05:31 Tree of Life
06:08 Tree of Eternity
06:13 Ancient of Wind
06:16 Ancient of Wind
06:57 Tree of Eternity
07:22 Moon Well
09:25 Chimaera Roost
09:28 Chimaera Roost
10:22 Tree of Life
10:28 Moon Well
11:31 Moon Well
14:05 Workshop
14:09 Workshop
15:26 Farm
18:55 Farm
21:38 Lumber Mill
» items
crunchy (
red | 104 APM | 3503 actions | 33:42)
7 Blademaster
3 Wind Walk
3 Critical Strike
1 Bladestorm
5 Shadow Hunter
3 Hex
2 Healing Wave
» actions
| Assign group hotkey | 83 | |
| Basic commands | 107 | |
| Build / train | 134 | |
| ESC pressed | 4 | |
| Enter build submenu | 51 | |
| Enter hero's abilities submenu | 13 | |
| Give item / drop item | 9 | |
| Right click | 1200 | |
| Select / deselect | 513 | |
| Select group hotkey | 1192 | |
| Use ability | 197 | |
3503 total
» units
| Peon | 13 | |
| Grunt | 4 | |
| Wind Rider | 7 | |
| Troll Batrider | 5 | |
| Goblin Shredder | 1 | |
| Kodo Beast | 1 | |
| Tauren | 2 | |
| Shaman | 1 | |
| Demolisher | 2 | |
| Raider | 2 | |
| Goblin Zeppelin | 3 | |
41 total
» upgrades
| Berserker Strength | 1 | |
| Ranged Weapons | 4 | |
| Pillage | 1 | |
| Armor | 3 | |
| Reinforced Defenses | 1 | |
| Envenomed Spears | 1 | |
| Spiked Barricades | 3 | |
| Troll Regeneration | 1 | |
| War Drums Damage Increase | 1 | |
| Liquid Fire | 1 | |
| Melee Weapons | 5 | |
| Ensnare | 1 | |
| Burning Oil | 1 | |
| Berserker Upgrade | 1 | |
25 total
» buildings
| Orc Burrow | 7 | |
| Altar of Storms | 1 | |
| Barracks | 1 | |
| Voodoo Lounge | 3 | |
| Stronghold | 2 | |
| Great Hall | 4 | |
| War Mill | 1 | |
| Watch Tower | 25 | |
| Fortress | 2 | |
| Beastiary | 3 | |
49 total
» build order
00:09 Orc Burrow
00:50 Altar of Storms
00:52 Barracks
01:18 Orc Burrow
02:16 Voodoo Lounge
03:03 Orc Burrow
03:48 Stronghold
03:48 Stronghold
04:52 Great Hall
05:21 War Mill
07:10 Watch Tower
07:11 Watch Tower
07:37 Fortress
07:37 Fortress
08:02 Beastiary
08:39 Beastiary
08:43 Beastiary
08:47 Watch Tower
09:33 Watch Tower
09:37 Watch Tower
11:34 Watch Tower
13:34 Watch Tower
13:36 Watch Tower
13:55 Watch Tower
14:00 Orc Burrow
14:03 Orc Burrow
14:21 Orc Burrow
14:47 Watch Tower
18:47 Orc Burrow
20:33 Great Hall
20:35 Watch Tower
21:46 Watch Tower
22:02 Watch Tower
22:02 Watch Tower
22:05 Watch Tower
24:40 Great Hall
24:50 Watch Tower
24:51 Watch Tower
25:16 Watch Tower
25:16 Watch Tower
25:17 Watch Tower
26:42 Voodoo Lounge
26:45 Watch Tower
26:45 Watch Tower
26:48 Voodoo Lounge
30:48 Great Hall
32:42 Watch Tower
32:43 Watch Tower
32:48 Watch Tower
» items
| Healing Salve | 5 | |
| Lesser Clarity Potion | 5 | |
| Boots of Speed | 3 | |
| Circlet of Nobility | 1 | |
| Orb of Lightning | 2 | |
| Scroll of Town Portal | 1 | |
| Tiny Great Hall | 1 | |
18 total
chad_chadwick (
blue | 33 APM | 747 actions | 22:37)
4 Blademaster
2 Wind Walk
2 Critical Strike
2 Shadow Hunter
1 Healing Wave
1 Hex
3 Tauren Chieftain
2 Endurance Aura
1 War Stomp
» actions
| Assign group hotkey | 14 | |
| Build / train | 67 | |
| Enter build submenu | 14 | |
| Enter hero's abilities submenu | 9 | |
| Remove unit from queue | 1 | |
| Right click | 306 | |
| Select / deselect | 216 | |
| Select group hotkey | 83 | |
| Use ability | 37 | |
747 total
» units
| Peon | 7 | |
| Grunt | 7 | |
| Tauren | 9 | |
| Shaman | 11 | |
| Flying Machine | 4 | |
| Spell Breaker | 1 | |
| Priest | 1 | |
| Sorceress | 1 | |
| Troll Batrider | 3 | |
44 total
» upgrades
| Armor | 2 | |
| Melee Weapons | 2 | |
| Berserker Strength | 1 | |
| Shaman Training | 2 | |
| Sorceress Training | 1 | |
8 total
» buildings
| Altar of Storms | 1 | |
| Orc Burrow | 7 | |
| Barracks | 1 | |
| War Mill | 1 | |
| Stronghold | 1 | |
| Voodoo Lounge | 1 | |
| Fortress | 1 | |
| Spirit Lodge | 1 | |
| Tauren Totem | 1 | |
| Beastiary | 1 | |
16 total
» build order
00:28 Altar of Storms
00:43 Orc Burrow
01:01 Barracks
01:46 War Mill
02:25 Orc Burrow
03:08 Stronghold
03:32 Voodoo Lounge
04:57 Orc Burrow
05:40 Fortress
06:55 Spirit Lodge
08:31 Orc Burrow
09:42 Tauren Totem
14:00 Beastiary
15:43 Orc Burrow
19:15 Orc Burrow
19:15 Orc Burrow

»
GL_HF_SharePlz (
green | 37 APM | 403 actions | 10:59)
2 Pandaren Brewmaster
1 Drunken Haze
1 Drunken Brawler
» actions
| Assign group hotkey | 8 | |
| Build / train | 27 | |
| Enter build submenu | 20 | |
| Enter hero's abilities submenu | 2 | |
| Right click | 152 | |
| Select / deselect | 81 | |
| Select group hotkey | 90 | |
| Use ability | 23 | |
403 total
» units
» upgrades
» buildings
| Farm | 7 | |
| Barracks | 3 | |
| Blacksmith | 1 | |
| Arcane Vault | 1 | |
| Scout Tower | 2 | |
| Arcane Tower | 1 | |
| Lumber Mill | 1 | |
| Altar of Kings | 1 | |
| Keep | 1 | |
| Castle | 1 | |
| Workshop | 1 | |
| Arcane Sanctum | 1 | |
21 total
» build order
00:27 Farm
01:05 Barracks
01:07 Barracks
01:10 Barracks
01:40 Farm
02:19 Blacksmith
02:24 Arcane Vault
02:42 Scout Tower
02:50 Scout Tower
03:15 Farm
03:22 Farm
03:26 Arcane Tower
03:35 Lumber Mill
04:02 Farm
04:18 Altar of Kings
06:43 Keep
07:39 Farm
08:35 Farm
10:06 Castle
10:13 Workshop
10:23 Arcane Sanctum
» items
| Scroll of Protection | 3 | |
| Potion of Lesser Invulnerability | 1 | |
| Scroll of Healing | 1 | |
5 total
team 2 (loser)
RTBUDDY (
purple | 68 APM | 2283 actions | 33:38)
7 Keeper of the Grove
3 Entangling Roots
3 Thorns Aura
1 Tranquility
1 Priestess of the Moon
1 Searing Arrows
» actions
| Assign group hotkey | 48 | |
| Basic commands | 177 | |
| Build / train | 74 | |
| Enter build submenu | 19 | |
| Enter hero's abilities submenu | 8 | |
| Right click | 513 | |
| Select / deselect | 549 | |
| Select group hotkey | 840 | |
| Use ability | 55 | |
2283 total
» units
| Wisp | 15 | |
| Huntress | 7 | |
| Archer | 3 | |
| Druid of the Talon | 10 | |
| Dryad | 20 | |
| Hippogryph | 3 | |
58 total
» upgrades
| Abolish Magic | 1 | |
| Strength of the Wild | 2 | |
| Druid of the Talon Training | 1 | |
| Reinforced Hides | 2 | |
6 total
» buildings
| Altar of Elders | 1 | |
| Moon Well | 8 | |
| Ancient of War | 2 | |
| Hunter's Hall | 1 | |
| Ancient of Wonders | 1 | |
| Tree of Ages | 1 | |
| Ancient of Wind | 1 | |
| Ancient of Lore | 2 | |
| Tree of Life | 1 | |
18 total
» build order
00:22 Altar of Elders
00:36 Moon Well
01:26 Ancient of War
01:47 Hunter's Hall
02:06 Ancient of War
02:16 Moon Well
02:51 Ancient of Wonders
03:40 Moon Well
05:07 Tree of Ages
05:56 Moon Well
07:33 Ancient of Wind
08:33 Ancient of Lore
09:12 Moon Well
11:22 Moon Well
11:55 Moon Well
13:29 Ancient of Lore
23:42 Moon Well
23:48 Tree of Life
StankyNegro (
yellow | 57 APM | 1922 actions | 33:38)
6 Archmage
3 Summon Water Elemental
2 Brilliance Aura
1 Mass Teleport
» actions
| Assign group hotkey | 21 | |
| Basic commands | 242 | |
| Build / train | 101 | |
| Enter build submenu | 70 | |
| Enter hero's abilities submenu | 6 | |
| Give item / drop item | 2 | |
| Right click | 522 | |
| Select / deselect | 518 | |
| Select group hotkey | 287 | |
| Use ability | 153 | |
1922 total
» units
| Peasant | 12 | |
| Footman | 5 | |
| Goblin Shredder | 1 | |
| Goblin Zeppelin | 1 | |
| Gryphon Rider | 6 | |
| Flying Machine | 14 | |
39 total
» upgrades
| Lumber Harvesting | 2 | |
| Masonry | 3 | |
| Swords | 3 | |
| Armor | 4 | |
| Animal War Training | 1 | |
| Storm Hammers | 1 | |
| Cloud | 1 | |
| Gunpowder | 3 | |
| Plating | 3 | |
| Flak Cannons | 1 | |
| Flying Machine Bombs | 1 | |
| Fragmentation Shards | 1 | |
| Flare | 1 | |
| Barrage | 1 | |
26 total
» buildings
| Barracks | 1 | |
| Altar of Kings | 1 | |
| Farm | 11 | |
| Scout Tower | 58 | |
| Arcane Tower | 3 | |
| Keep | 1 | |
| Arcane Vault | 2 | |
| Lumber Mill | 1 | |
| Town Hall | 1 | |
| Guard Tower | 15 | |
| Castle | 1 | |
| Blacksmith | 2 | |
| Gryphon Aviary | 4 | |
| Workshop | 5 | |
106 total
» build order
00:50 Barracks
00:52 Altar of Kings
00:54 Farm
00:55 Farm
01:03 Farm
01:35 Farm
02:20 Scout Tower
02:57 Arcane Tower
03:32 Keep
03:38 Arcane Vault
03:56 Lumber Mill
04:57 Town Hall
05:00 Scout Tower
05:00 Scout Tower
05:01 Scout Tower
05:02 Scout Tower
05:28 Guard Tower
05:28 Guard Tower
05:31 Guard Tower
05:31 Guard Tower
05:33 Guard Tower
05:33 Guard Tower
06:46 Castle
07:04 Scout Tower
07:05 Scout Tower
07:07 Scout Tower
07:07 Scout Tower
07:28 Scout Tower
07:30 Scout Tower
07:32 Arcane Tower
08:02 Guard Tower
08:22 Scout Tower
08:23 Scout Tower
08:45 Blacksmith
08:46 Blacksmith
09:03 Arcane Tower
09:35 Guard Tower
09:59 Gryphon Aviary
09:59 Gryphon Aviary
10:00 Gryphon Aviary
10:00 Gryphon Aviary
11:00 Farm
11:05 Scout Tower
11:05 Scout Tower
11:07 Scout Tower
11:07 Scout Tower
11:53 Arcane Vault
11:57 Guard Tower
14:46 Guard Tower
15:11 Scout Tower
15:11 Scout Tower
15:11 Scout Tower
15:12 Scout Tower
15:12 Scout Tower
15:14 Scout Tower
15:14 Scout Tower
15:15 Scout Tower
15:16 Scout Tower
15:16 Scout Tower
15:18 Scout Tower
15:18 Scout Tower
15:18 Scout Tower
15:19 Scout Tower
15:19 Scout Tower
15:30 Farm
15:32 Farm
15:35 Farm
15:38 Farm
15:40 Farm
15:43 Farm
17:15 Workshop
17:16 Workshop
17:17 Workshop
17:18 Workshop
17:42 Workshop
17:59 Guard Tower
18:01 Guard Tower
23:34 Guard Tower
23:59 Scout Tower
23:59 Scout Tower
23:59 Scout Tower
24:00 Scout Tower
24:00 Scout Tower
24:01 Scout Tower
24:03 Scout Tower
24:04 Scout Tower
24:07 Scout Tower
24:08 Scout Tower
24:08 Scout Tower
24:09 Scout Tower
24:10 Scout Tower
24:11 Scout Tower
24:13 Scout Tower
24:13 Scout Tower
24:14 Scout Tower
24:15 Scout Tower
24:16 Scout Tower
24:16 Scout Tower
24:17 Scout Tower
24:18 Scout Tower
24:18 Scout Tower
24:20 Scout Tower
24:20 Scout Tower
24:21 Scout Tower
25:08 Guard Tower
25:08 Guard Tower
» items
| Mechanical Critter | 2 | |
| Scroll of Regeneration | 1 | |
| Scroll of Town Portal | 2 | |
| Periapt of Vitality | 1 | |
| Potion of Lesser Invulnerability | 1 | |
| Staff of Teleportation | 1 | |
| Scroll of Protection | 1 | |
9 total

»
naggersnjuice (
orange | 168 APM | 3083 actions | 18:22)
4 Priestess of the Moon
2 Trueshot Aura
2 Searing Arrows
3 Keeper of the Grove
2 Entangling Roots
1 Thorns Aura
» actions
| Assign group hotkey | 83 | |
| Basic commands | 20 | |
| Build / train | 105 | |
| Enter build submenu | 25 | |
| Enter hero's abilities submenu | 7 | |
| Give item / drop item | 2 | |
| Remove unit from queue | 1 | |
| Right click | 580 | |
| Select / deselect | 196 | |
| Select group hotkey | 2013 | |
| Use ability | 51 | |
3083 total
» units
| Wisp | 25 | |
| Chimaera | 12 | |
| Hippogryph | 9 | |
| Dryad | 5 | |
51 total
» upgrades
| Strength of the Wild | 2 | |
| Reinforced Hides | 2 | |
| Well Spring | 1 | |
| Corrosive Breath | 1 | |
| Abolish Magic | 1 | |
| Nature's Blessing | 1 | |
8 total
» buildings
| Moon Well | 9 | |
| Altar of Elders | 1 | |
| Tree of Ages | 3 | |
| Tree of Life | 1 | |
| Ancient of Wind | 1 | |
| Tree of Eternity | 3 | |
| Chimaera Roost | 4 | |
| Hunter's Hall | 1 | |
| Ancient of Wonders | 1 | |
| Ancient Protector | 3 | |
| Ancient of Lore | 1 | |
28 total
» build order
00:18 Moon Well
00:36 Altar of Elders
01:45 Tree of Ages
01:45 Tree of Ages
01:45 Tree of Ages
02:27 Tree of Life
04:09 Ancient of Wind
04:34 Tree of Eternity
04:35 Tree of Eternity
04:35 Tree of Eternity
05:08 Moon Well
05:10 Moon Well
05:11 Moon Well
06:57 Chimaera Roost
07:03 Chimaera Roost
07:06 Chimaera Roost
07:09 Chimaera Roost
07:27 Hunter's Hall
07:47 Ancient of Wonders
08:34 Moon Well
08:39 Moon Well
09:08 Ancient Protector
09:13 Ancient Protector
09:37 Moon Well
09:50 Ancient Protector
11:29 Ancient of Lore
11:46 Moon Well
13:32 Moon Well
» items
| Orb of Venom | 5 | |
| Moonstone | 1 | |
| Potion of Lesser Invulnerability | 1 | |
| Scroll of Protection | 2 | |
| Scroll of Town Portal | 1 | |
10 total
Chat log
(00:20 / Allies) chad_chadwick: rush?
(00:28 / Allies) herballegend: im down
(00:30 / All) crunchy: stankynegro and naggersnjuice on one team
(00:33 / Allies) chad_chadwick: im the target spot
(00:49 / Allies) GL_HF_SharePlz: I'm down
(01:00 / Allies) herballegend: gonna mass hunts for it
(01:02 / Allies) crunchy: no rush
(01:05 / Allies) crunchy: me not that kind of orc
(01:20 / Allies) crunchy: I NOT RUSH
(01:21 / Allies) crunchy: I NOT RUSH
(01:26 / Allies) crunchy: ME NOT THAT KIND OF ORC
(01:42 / Allies) crunchy: NO RUSH
(01:49 / Allies) crunchy: OK?
(01:53 / Allies) herballegend: so what we doing then getting expo fast and hitting
(01:58 / Allies) crunchy: fuck you guys im cc fuck you guys i never rush
(02:05 / Allies) GL_HF_SharePlz: CC
(02:07 / Allies) chad_chadwick: herb were fucked
(02:08 / Allies) chad_chadwick: lol
(02:13 / Allies) herballegend: lol i guess
(02:16 / Allies) chad_chadwick: w.e.
(02:18 / Allies) crunchy: CC
(02:21 / Allies) crunchy: no rush me not thAT KIND OF ORC
(02:27 / Allies) GL_HF_SharePlz: they might rush
(02:31 / Allies) chad_chadwick: ur a meth head orc
(02:35 / Allies) crunchy: yes I am SO WHAT
(02:41 / Allies) chad_chadwick: np
(02:41 / Allies) crunchy: 3rd day on meth
(02:44 / Allies) chad_chadwick: just pointing out the obvious
(02:53 / Allies) crunchy: TWEAK N GAME
(03:00 / Allies) GL_HF_SharePlz: k muting red
(03:02 / Allies) chad_chadwick: i smoke weed meth sucks
(03:10 / Allies) crunchy: weed is for losers
(03:12 / Allies) chad_chadwick: so bad for u
(03:14 / Allies) crunchy: METH IS FOR WINNERS
(03:14 / Allies) chad_chadwick: yeah maybe
(03:17 / Allies) chad_chadwick: lol
(03:20 / Allies) chad_chadwick: ok me grunt sham taur
(03:22 / Allies) chad_chadwick: bm sh tc
(03:23 / Allies) chad_chadwick: late
(03:55 / Allies) chad_chadwick: creep mid then down
(05:13 / Allies) chad_chadwick: wave soon
(05:25 / Allies) crunchy: \o
(06:18 / Allies) chad_chadwick: wood if u got
(06:25 / Allies) chad_chadwick: looks
(06:53 / Allies) crunchy: hit right
(07:01 / Allies) crunchy: HIT RIGHT
(07:01 / Allies) crunchy: no left
(07:04 / Allies) crunchy: ME NOT THAT KIND OF ORC
(07:07 / Allies) chad_chadwick: split
(07:08 / Allies) chad_chadwick: we
(07:13 / Allies) chad_chadwick: no
(07:19 / Allies) chad_chadwick: oh he mh lol
(07:36 / Allies) crunchy: who mh
(07:42 / Allies) chad_chadwick: idk grey
(08:15 / Allies) GL_HF_SharePlz: spi
(10:01 / Allies) GL_HF_SharePlz: he teching something
(10:05 / Allies) chad_chadwick: yes
(10:51 / Allies) GL_HF_SharePlz: dont chase
(11:03 / All) crunchy: wtf
(11:45 / All) StankyNegro: tHIS LAND BELONGS TO THE UNITED STATES OF AMERICA POSTAL SERVICE
(11:45 / Allies) chad_chadwick: lust here
(12:35 / All) RTBUDDY: tp
(13:12 / Allies) herballegend: b
(13:22 / All) StankyNegro: go back to oblivion
(13:38 / Allies) crunchy: LUMBER ME
(13:39 / Allies) crunchy: plz
(13:41 / Allies) crunchy: FRIENDS
(13:45 / Allies) crunchy: ty
(14:12 / Allies) chad_chadwick: too late for bats
(14:34 / Allies) chad_chadwick: yes
(15:16 / Allies) herballegend: see red should have rushed
(15:23 / Allies) chad_chadwick: red on meth dude
(15:27 / Allies) chad_chadwick: if we pull this its a miracle
(15:32 / Allies) crunchy: meth makes u good at games
(15:43 / Allies) crunchy: I got bats
(15:48 / Allies) chad_chadwick: same
(15:58 / Allies) chad_chadwick: tp
(16:58 / Allies) crunchy: see
(17:03 / Allies) chad_chadwick: counter
(17:04 / Allies) chad_chadwick: end it
(17:31 / Allies) chad_chadwick: all together
(17:35 / Allies) chad_chadwick: now
(17:38 / Allies) chad_chadwick: keep building
(18:56 / Allies) chad_chadwick: tc was at 2 hp
(18:57 / Allies) chad_chadwick: huge
(20:52 / Allies) chad_chadwick: tk
(20:54 / Allies) chad_chadwick: aright
(20:55 / Allies) crunchy: ?
(21:00 / Allies) chad_chadwick: u tk man
(21:02 / Allies) crunchy: no?
(21:05 / Allies) crunchy: I'm not a tk man
(21:05 / Allies) chad_chadwick: yes
(21:08 / Allies) crunchy: me not that kind of orc
(21:12 / Allies) chad_chadwick: stfu
(21:14 / Allies) crunchy: ME NOT THAT KIND OF ORC
(21:38 / All) crunchy: BLUE SAYS ME TK
(21:40 / All) crunchy: ME NOT THAT KIND OF ORC
(21:43 / All) crunchy: ME NOT THAT KIND OF ORC
(21:55 / All) crunchy: BLUE ME NO TK
(21:57 / All) crunchy: ME NOT THAT KIND OF ORC
(21:59 / All) crunchy: ME NOT THAT KIND OF ORC
(22:11 / All) crunchy: ME NOT THAT KIND OF ORC
(22:24 / Allies) herballegend: gg blue
(22:25 / All) crunchy: BLUE SAYS ME TK
(22:27 / All) crunchy: ME NOT THAT KIND OF ORC
(22:27 / Allies) chad_chadwick: g
(22:29 / Allies) chad_chadwick: gg teal
(22:30 / Allies) herballegend: fuck u red
(22:31 / Allies) crunchy: BG
(22:32 / Allies) crunchy: RUDE
(22:33 / Allies) crunchy: JERKS
(22:34 / All) StankyNegro: STOP MOLESTING
(22:34 / Allies) crunchy: ME NO TK
(22:36 / Allies) chad_chadwick: little dick faggot
(22:37 / Allies) crunchy: ME NOT THAT KIND OF ORC
(22:38 / All) crunchy: lol
(22:42 / All) RTBUDDY: GG
(22:44 / All) crunchy: GG
(22:45 / All) crunchy: LEAVE
(22:46 / All) crunchy: I WIN
(23:16 / All) crunchy: GG
(23:18 / All) crunchy: GIVE MY MY WIN
(26:04 / All) RTBUDDY: leave please.
(26:08 / All) crunchy: YOU FIRST
(26:12 / All) crunchy: I LEAVE AFTER MY VICTORY
(26:13 / All) crunchy: I WIN
(26:17 / All) RTBUDDY: sad
(26:22 / All) RTBUDDY: must be a very low earner
(26:26 / All) RTBUDDY: to not value your time this much
(26:26 / All) crunchy: losers aren't winners son
(26:28 / All) crunchy: I'm no loser
(26:32 / All) crunchy: Me not that kind of orc
(26:35 / All) crunchy: I'm a WINNER
(26:36 / All) RTBUDDY: are you below poverty line?
(26:38 / All) crunchy: value yours
(26:39 / All) RTBUDDY: sad
(26:40 / All) crunchy: leave before loss
(27:13 / All) crunchy: 7-6
(27:14 / All) crunchy: not 8-5
(27:50 / All) crunchy: GG
(28:07 / All) crunchy: give me my win
(28:10 / All) crunchy: stop wasting your time
(28:13 / All) crunchy: are you below poverty line??
(28:31 / All) RTBUDDY: very sad
(28:34 / All) crunchy: out
(28:38 / All) crunchy: stop wasting time
(28:41 / All) crunchy: give me my win
(28:45 / All) StankyNegro: stop wasting our time and leave, pussy
(28:48 / All) crunchy: 7-6 now
(28:51 / All) crunchy: time for a new acc purp
(28:55 / All) crunchy: try better on your record this time
(29:01 / All) RTBUDDY: very sad to be so poor
(29:09 / All) RTBUDDY: no value for your time
(29:17 / All) crunchy: you're doing the same thing lol
(29:18 / All) RTBUDDY: must be from very low income state
(29:22 / All) StankyNegro: just leave already, noob
(29:31 / All) crunchy: out noob
(29:31 / All) crunchy: GG
(29:52 / All) StankyNegro: very sad, very very sad
(30:04 / All) StankyNegro: you must not value your time to sit here and make us kill all the buildings to give you a loss
(30:05 / All) crunchy: sad
(31:12 / All) StankyNegro: RTNOOBY
(31:25 / All) crunchy: GG
(31:33 / All) crunchy: PURP MUST BE BELOW POVERTY LINE
(33:00 / All) StankyNegro: anything left to say, purple?
(33:04 / All) StankyNegro: sad, very sad
(33:35 / All) StankyNegro: Sad
(33:36 / All) StankyNegro: very sad